 Dungeon Crawl Stone Soup version 0.29.1 (webtiles) character file.

Game seed: 13570134330987213775

69902 qw the Severer (level 15, -1/96 HPs)
             Began as a Gargoyle Fighter on Sept 13, 2022.
             Was a High Priest of Okawaru.
             Killed from afar by a rakshasa (27 damage)
             ... with a lance of force
             ... on level 2 of the Abyss.
             The game lasted 00:09:53 (22607 turns).

qw the Severer (Gargoyle Fighter)                  Turns: 22607, Time: 00:09:54

Health: -1/96      AC: 42    Str: 27      XL:     15   Next: 31%
Magic:  22/22      EV: 13    Int:  8 (9)  God:    Okawaru [*****.]
Gold:   1238       SH: 15    Dex:  9      Spells: 14/14 levels left

rFire   . . .      SeeInvis +   y - +5 war axe (vamp)
rCold   . . .      Faith    .   w - +2 kite shield
rNeg    + . .      Spirit   .   r - +0 plate armour
rPois   inf        Reflect  .   o - +2 helmet
rElec   +          Harm     .   k - +1 cloak
rCorr   .          Rampage  .   x - +2 pair of gloves {Stlth+}
Will    +....                   D - +1 pair of boots
Stlth   ..........              f - amulet of the acrobat
HPRegen 0.26/turn               s - +4 ring of evasion
MPRegen 0.18/turn               E - ring of see invisible

@: about to teleport, heroic, flying
A: sickness immunity, AC +11, big wings, negative energy resistance 1,
electricity resistance, torment resistance 1, petrification resistance
a: Renounce Religion, Heroism, Finesse, Duel


You were on level 2 of the Abyss.
You worshipped Okawaru.
Okawaru was extremely pleased with you.
You visited 3 branches of the dungeon, and saw 20 of its levels.
You visited the Abyss 1 time.

You collected 1382 gold pieces.
You spent 144 gold pieces at shops.


Innate Abilities, Weirdness & Mutations

You are immune to sickness and miasma.
Your stone body is resilient. (AC +11)
You are immune to poison.
Your large and strong wings let you fly.
You resist negative energy. (rN+)
You are resistant to electric shocks. (rElec)
You are resistant to unholy torment.
You are immune to petrification.


   Skills:
 - Level 12.0(17.0) Fighting
 + Level 15.6(20.6) Axes
 - Level 4.1(9.1) Throwing
 - Level 12.1(17.1) Armour
 - Level 2.1(7.1) Dodging
 - Level 12.0(17.0) Shields
 - Level 10.0 Invocations


You had 14 spell levels left.
You didn't know any spells.
Your spell library was empty.

Inventory:

Hand Weapons
 q - a +0 broad axe
 u - a +0 morningstar
 y - a +5 vampiric war axe (weapon)
Missiles
 j - 14 boomerangs
 t - 3 silver boomerangs (quivered)
Armour
 k - a +1 cloak (worn)
 o - a +2 helmet (worn)
 r - a +0 plate armour (worn)
 w - a +2 kite shield (worn)
 x - a +2 pair of gloves of stealth (worn)
 D - a +1 pair of boots (worn)
Jewellery
 a - an amulet of regeneration
 f - an amulet of the acrobat (around neck)
 s - a +4 ring of evasion (left hand)
 v - a ring of protection from cold
 B - a ring of protection from fire
 E - a ring of see invisible (right hand)
 F - the ring "Canueps" {rCorr Int+2}
   (You found it on level 13 of the Dungeon)

   [ring of resist corrosion]

   Int:       It affects your intelligence (+2).
   rCorr:     It protects you from acid and corrosion.
Scrolls
 b - 8 scrolls of identify
 c - 3 scrolls of brand weapon
 g - 4 scrolls of blinking
 A - 4 scrolls of teleportation
Potions
 d - 5 potions of might
 e - 4 potions of heal wounds
 h - 6 potions of lignification
 i - 5 potions of mutation
 l - 3 potions of attraction
 m - a potion of magic
 n - a potion of haste
 p - 9 potions of curing
 z - 2 potions of resistance
 C - a potion of cancellation

Dungeon Overview and Level Annotations

Branches:
Dungeon (14/15)            Temple (1/1) D:6            Lair (5/5) D:11
 Shoals (0/4) Lair:3       Spider (0/4) Lair:3        Slime (0/5) Lair:4
    Orc (0/2) D:10         Vaults (0/5) D:13

Altars:
Ashenzari
Cheibriados
Dithmenos
Elyvilon
Fedhas
Gozag
Hepliaklqana
Kikubaaqudgha
Makhleb
Nemelex Xobeh
Okawaru
Qazlal
Ru
Sif Muna
Trog
Uskayaw
Vehumet
Wu Jian
Xom
Yredelemnul
Zin
The Shining One
Jiyva

Shops:
D:12 *

Annotations:
D:3 1 runed translucent door, Crazy Yiuf
D:11 3 runed translucent doors
Lair:4 2 transporters, qw's ghost, journeyman TrCA


Message History

The rakshasa is severely wounded.
The rakshasa gestures at you. The lance of force hits you.
You are knocked back by the lance of force.
The rakshasa blinks!
The rakshasa weaves an illusion.
The rakshasa shimmers and seems to become two!
The rakshasa gestures at you. The lance of force misses you.
The rakshasa hits you but does no damage.
You slice the rakshasa!!
The rakshasa is heavily wounded.
You block the rakshasa's attack.
The rakshasa hits you but does no damage.
The rakshasa closely misses you.
You hit the rakshasa.
The rakshasa is severely wounded.
You closely miss the rakshasa. The rakshasa misses you.
The rakshasa blinks!
The rakshasa weaves an illusion.
You block the rakshasa's attack.
You hit the rakshasa.
The rakshasa is heavily wounded.
The injured rakshasa weaves a defensive illusion!
You hit the rakshasa.
The rakshasa is severely wounded.
You barely miss the rakshasa. You block the rakshasa's attack. x2
The rakshasa hits you from afar with a +0 trident!
The rakshasa hits you but does no damage.
A golden eye comes into view.
You closely miss the rakshasa.
The rakshasa is severely wounded.
You miss the rakshasa.
The golden eye blinks!
The rakshasa hits you from afar with a +0 trident.
The rakshasa misses you. The rakshasa gestures at you.
The lance of force hits you!!
You die...

#... #### ..# ##
......... .(.#.... .
. . .¤....\......#.#
... ..... #....... .
. . ##...#. #.#.## .
.. ....##...####.#R.#
. .. ..........R.#.#
. .......#...RR....#
# ###... #....RR@...#
.. . ...
...............
.#..............#...#
..........#.##...#.#
.. ...#...#......#.##
......#..........¤
...##......#...#.. ..
..#... #..G.. . #.##.
.. ##.


You could see 6 rakshasas and a golden eye.

Vanquished Creatures
  5 tentacled starspawn (Abyss:2)
  6 hydras
  A boulder beetle (Lair:4)
  A centaur warrior (D:12)
  A catoblepas (Lair:4)
  Erica (D:8)
  2 dancing weapons (D:13)
  A two-headed ogre (D:13)
  Sonja (Lair:2)
  A sixfirhy (Abyss:2)
  A bunyip zombie (Abyss:2)
  A skeletal warrior (D:11)
  A lindwurm (Lair:5)
  Pikel (D:7)
  A deep elf pyromancer (D:11)
  14 ugly things
  An oklob plant (Lair:5)
  2 manticores
  2 cyclopes (D:11)
  14 elephants (Lair:5)
  2 large abominations (Abyss:2)
  5 black mambas
  16 cane toads
  2 torpor snails (Lair:5)
  2 gargoyles (D:12)
  Maggie (D:9)
  2 rime drakes (Lair:3)
  A kobold demonologist (D:8)
  6 komodo dragons
  3 meliai (D:13)
  8 polar bears
  A queen bee (D:13)
  4 hornets (Lair:5)
  3 raiju (Abyss:2)
  10 blink frogs
  5 dream sheep
  A jumping spider (Lair:3)
  11 spriggans (Lair:5)
  2 shadows
  3 wraiths
  Sigmund (D:3)
  40 yaks
  6 wyverns
  4 basilisks
  3 vampire mosquitoes (D:13)
  A neqoxec (Abyss:2)
  Menkaure (D:4)
  An acid dragon (D:11)
  17 water moccasins
  A small abomination (Abyss:2)
  Duvessa (D:6)
  7 ice beasts
  6 orc warriors
  Pargi (D:3)
  4 black bears
  A swamp drake (D:10)
  3 sky beasts
  3 ogres
  5 boggarts (Lair:5)
  36 wolves
  9 centaurs
  4 lemures (D:7)
  5 kobold brigands
  Blork the orc (D:6)
  15 bullfrogs
  5 scorpions
  5 wights (D:8)
  Dowan (D:6)
  21 killer bees (D:13)
  2 electric eels (D:10)
  3 howler monkeys
  4 crimson imps (D:3)
  A hound (D:5)
  A jelly (D:6)
  2 lava snakes (D:10)
  6 orc priests
  2 gnoll boudas
  5 iguanas
  13 orc wizards
  Jessica (D:3)
  3 hell rats (Lair:3)
  8 gnolls
  11 adders
  6 river rats (Lair:3)
  A white imp (D:10)
  3 ufetubi
  4 worms
  4 dart slugs
  48 orcs
  10 ball pythons
  6 endoplasms
  4 giant cockroaches
  4 goblins
  6 hobgoblins
  8 quokkas
  5 bats
  5 frilled lizards
  41 kobolds
  4 rats
  7 starspawn tentacles (Abyss:2)
582 creatures vanquished.

Vanquished Creatures (others)
  A quasit (Abyss:2)
  41 fungi
  54 plants
  9 starspawn tentacles (Abyss:2)
105 creatures vanquished.

Grand Total: 687 creatures vanquished

Notes
Turn   | Place    | Note
-------+----------+-------------------------------------------
     0 | D:1      | qw the Gargoyle Fighter began the quest for the Orb.
     0 | D:1      | Reached XP level 1. HP: 14/14 MP: 1/1
     0 | D:1      | 0 ||| qw: Version: 0.1-a-119-g272c26d
     0 | D:1      | 0 ||| qw: Game counter: 11174
     0 | D:1      | 0 ||| qw: Always use a shield: true
     0 | D:1      | 0 ||| qw: God list: Okawaru
     0 | D:1      | 0 ||| qw: Allow faded altars: false
     0 | D:1      | 0 ||| qw: Do Orc after D:15 true
     0 | D:1      | 0 ||| qw: Do second Lair branch before Depths: true
     0 | D:1      | 0 ||| qw: Lair rune preference: random
     0 | D:1      | 0 ||| qw: Plans: Normal, Zot, God:TSO, Crypt, Tomb, Pan,
                  | Slime, Hells, Zig, Abyss, Orb
     0 | D:1      | 0 ||| PLANNING D:1-11
    34 | D:1      | Reached skill level 2 in Axes
   184 | D:1      | Reached XP level 2. HP: 16/19 MP: 2/2
   425 | D:1      | 425 ||| Stepping ~*~*~tactically~*~*~ (stealth).
   768 | D:1      | Reached skill level 3 in Axes
   862 | D:1      | 862 ||| Stepping ~*~*~tactically~*~*~ (stealth).
   863 | D:1      | 863 ||| Stepping ~*~*~tactically~*~*~ (stealth).
   868 | D:1      | Reached XP level 3. HP: 23/23 MP: 3/3
  1046 | D:1      | Found a faded altar of an unknown god.
  1215 | D:1      | 1215 ||| READING scroll labelled CULACO WEOZUHYI.
  1216 | D:1      | 1216 ||| READING scroll labelled TOVUTZ KIUTH.
  1430 | D:2      | 1430 ||| Stepping ~*~*~tactically~*~*~ (stealth).
  1489 | D:2      | 1489 ||| FLEEEEING.
  1490 | D:2      | 1490 ||| FLEEEEING.
  1498 | D:2      | HP: 5/23 [orc/+0 flail (1)]
  1500 | D:2      | Reached XP level 4. HP: 6/28 MP: 4/4
  1745 | D:2      | 1745 ||| DROPPING +0 mace.
  1855 | D:2      | Identified the +2 leather armour of the Ant {rPois rC- rN+
                  | Str+3}
  2539 | D:2      | 2539 ||| UPGRADING to +0 chain mail.
  2549 | D:2      | 2549 ||| DROPPING +0 scale mail.
  2550 | D:2      | 2550 ||| UPGRADING to +0 cloak.
  2555 | D:2      | 2555 ||| DROPPING +6 ring of intelligence.
  2556 | D:2      | 2556 ||| READING scroll labelled IGI HUENOFFIPP.
  2557 | D:2      | 2557 ||| READING scroll labelled ZOODONLI BUUG.
  2558 | D:2      | 2558 ||| DRINKING 2 metallic clear potions.
  2559 | D:2      | 2559 ||| DRINKING 2 bubbling green potions.
  2633 | D:3      | 2633 ||| STAIRDANCE
  2641 | D:3      | 2641 ||| STAIRDANCE
  2649 | D:2      | Reached skill level 4 in Axes
  2709 | D:3      | 2709 ||| STAIRDANCE
  2814 | D:3      | 2814 ||| Stepping ~*~*~tactically~*~*~ (stealth).
  2911 | D:3      | 2911 ||| READING scroll of enchant armour.
  2911 | D:3      | 2911 ||| ENCHANTING +0 cloak.
  2954 | D:3      | 2954 ||| Stepping ~*~*~tactically~*~*~ (stealth).
  2955 | D:3      | 2955 ||| Stepping ~*~*~tactically~*~*~ (stealth).
  2956 | D:3      | 2956 ||| Stepping ~*~*~tactically~*~*~ (stealth).
  2956 | D:3      | Noticed Jessica
  2957 | D:3      | 2957 ||| Stepping ~*~*~tactically~*~*~ (hiding).
  2972 | D:3      | Killed Jessica
  2987 | D:3      | 2987 ||| Stepping ~*~*~tactically~*~*~ (stealth).
  2988 | D:3      | 2988 ||| Stepping ~*~*~tactically~*~*~ (stealth).
  3051 | D:3      | Reached XP level 5. HP: 32/32 MP: 5/5
  3053 | D:3      | Noticed Sigmund
  3054 | D:3      | 3054 ||| FLEEEEING.
  3055 | D:3      | 3055 ||| FLEEEEING.
  3056 | D:3      | 3056 ||| FLEEEEING.
  3057 | D:3      | 3057 ||| FLEEEEING.
  3058 | D:3      | 3058 ||| FLEEEEING.
  3061 | D:3      | 3061 ||| FLEEEEING.
  3062 | D:3      | 3062 ||| FLEEEEING.
  3063 | D:3      | 3063 ||| FLEEEEING.
  3064 | D:3      | 3064 ||| FLEEEEING.
  3065 | D:3      | 3065 ||| FLEEEEING.
  3066 | D:3      | 3066 ||| FLEEEEING.
  3067 | D:3      | 3067 ||| FLEEEEING.
  3068 | D:3      | 3068 ||| FLEEEEING.
  3070 | D:3      | 3070 ||| FLEEEEING.
  3071 | D:3      | 3071 ||| FLEEEEING.
  3072 | D:3      | 3072 ||| FLEEEEING.
  3073 | D:3      | 3073 ||| STAIRDANCE
  3158 | D:2      | 3158 ||| DROPPING ring of wizardry.
  3159 | D:2      | 3159 ||| READING scroll labelled USELIF QOFIDU.
  3162 | D:3      | 3162 ||| STAIRDANCE
  3267 | D:3      | 3267 ||| DRINKING potion of curing.
  3267 | D:3      | 3267 ||| (to cure confusion)
  3277 | D:3      | Killed Sigmund
  3278 | D:3      | Reached skill level 5 in Axes
  3278 | D:3      | Reached XP level 6. HP: 34/37 MP: 6/6
  3298 | D:3      | 3298 ||| Stepping ~*~*~tactically~*~*~ (stealth).
  3318 | D:3      | 3318 ||| Stepping ~*~*~tactically~*~*~ (stealth).
  3331 | D:3      | 3331 ||| Stepping ~*~*~tactically~*~*~ (hiding).
  3361 | D:3      | Reached skill level 6 in Axes
  3369 | D:3      | 3369 ||| Stepping ~*~*~tactically~*~*~ (hiding).
  3372 | D:3      | Found a shimmering altar of Xom.
  3546 | D:3      | Noticed Pargi
  3558 | D:3      | Killed Pargi
  3559 | D:3      | Reached XP level 7. HP: 32/43 MP: 7/7
  3729 | D:3      | Found a runed translucent door.
  3730 | D:3      | Noticed Crazy Yiuf
  3791 | D:3      | 3791 ||| DRINKING 2 golden potions.
  3792 | D:3      | 3792 ||| READING 2 scrolls of identify.
  3792 | D:3      | 3792 ||| IDENTIFYING glowing blue potion
  3793 | D:3      | 3793 ||| DROPPING potion of ambrosia.
  3966 | D:3      | 3966 ||| DRINKING 2 blue potions.
  4009 | D:3      | 4009 ||| DROPPING potion of magic.
  4045 | D:4      | 4045 ||| STAIRDANCE
  4423 | D:4      | 4423 ||| Stepping ~*~*~tactically~*~*~ (stealth).
  4743 | D:4      | 4743 ||| Stepping ~*~*~tactically~*~*~ (stealth).
  4745 | D:4      | 4745 ||| Stepping ~*~*~tactically~*~*~ (hiding).
  4753 | D:4      | Reached skill level 7 in Axes
  4866 | D:4      | Noticed Menkaure
  4872 | D:4      | Killed Menkaure
  4873 | D:4      | Reached XP level 8. HP: 30/49 MP: 8/8
  5304 | D:4      | 5304 ||| READING 2 scrolls labelled FYLIWK RUWIEDD.
  5305 | D:4      | 5305 ||| READING scroll labelled GOONNY ETHRI.
  5306 | D:4      | 5306 ||| READING 2 scrolls of identify.
  5306 | D:4      | 5306 ||| IDENTIFYING fuming grey potion
  5355 | D:5      | Entered Level 5 of the Dungeon
  5356 | D:5      | 5356 ||| STAIRDANCE
  5361 | D:4      | Reached skill level 1 in Throwing
  5363 | D:5      | 5363 ||| STAIRDANCE
  5454 | D:5      | 5454 ||| DROPPING +0 flail.
  5760 | D:5      | 5760 ||| READING scroll of enchant weapon.
  5760 | D:5      | 5760 ||| ENCHANTING +1 war axe.
  5945 | D:5      | 5945 ||| Stepping ~*~*~tactically~*~*~ (stealth).
  5953 | D:5      | Reached skill level 8 in Axes
  6428 | D:5      | 6428 ||| UPGRADING to amulet of the acrobat.
  6433 | D:5      | 6433 ||| READING scroll labelled FOFEMEJO UQOUR.
  6434 | D:5      | 6434 ||| READING scroll labelled QEYQEST EXTIJA.
  6435 | D:5      | 6435 ||| READING 4 scrolls of identify.
  6435 | D:5      | 6435 ||| IDENTIFYING fuming cyan potion
  6436 | D:5      | 6436 ||| READING 3 scrolls of identify.
  6436 | D:5      | 6436 ||| IDENTIFYING fuming purple potion
  6573 | D:6      | 6573 ||| FLEEEEING.
  6574 | D:6      | 6574 ||| FLEEEEING.
  6691 | D:6      | 6691 ||| READING scroll of enchant weapon.
  6691 | D:6      | 6691 ||| ENCHANTING +2 war axe.
  6710 | D:6      | Noticed Blork the orc
  6719 | D:6      | Killed Blork the orc
  6720 | D:6      | Reached skill level 6 in Fighting
  6722 | D:6      | 6722 ||| FLEEEEING.
  6723 | D:6      | 6723 ||| FLEEEEING.
  6724 | D:6      | 6724 ||| FLEEEEING.
  6730 | D:6      | 6730 ||| Stepping ~*~*~tactically~*~*~ (stealth).
  6731 | D:6      | 6731 ||| Stepping ~*~*~tactically~*~*~ (stealth).
  6789 | D:6      | Found a staircase to the Ecumenical Temple.
  6790 | D:6      | 6790 ||| PLANNING TEMPLE
  6797 | Temple   | Entered the Ecumenical Temple
  6956 | Temple   | 6956 ||| PLANNING D:1-11
  6980 | Temple   | Became a worshipper of Warmaster Okawaru
  7020 | D:6      | 7020 ||| Stepping ~*~*~tactically~*~*~ (hiding).
  7043 | D:6      | Reached XP level 9. HP: 39/55 MP: 9/9
  7372 | D:6      | 7372 ||| Stepping ~*~*~tactically~*~*~ (hiding).
  7373 | D:6      | 7373 ||| Stepping ~*~*~tactically~*~*~ (hiding).
  7381 | D:6      | Reached skill level 9 in Axes
  7630 | D:6      | Noticed Duvessa
  7630 | D:6      | Noticed Dowan
  7644 | D:6      | Killed Duvessa
  7651 | D:6      | Killed Dowan
  7651 | D:6      | Reached * piety under Okawaru
  7794 | D:6      | 7794 ||| Stepping ~*~*~tactically~*~*~ (hiding).
  7799 | D:6      | 7799 ||| INVOKING Heroism.
  7808 | D:6      | Reached skill level 1 in Invocations
  7907 | D:6      | 7907 ||| INVOKING Heroism.
  7932 | D:6      | 7932 ||| UPGRADING to +1 helmet.
  7937 | D:6      | 7937 ||| UPGRADING to +0 plate armour.
  7947 | D:6      | 7947 ||| DROPPING +0 chain mail.
  8504 | D:7      | Reached skill level 3 in Invocations
  8555 | D:7      | Noticed Pikel
  8556 | D:7      | 8556 ||| INVOKING Heroism.
  8573 | D:7      | Killed Pikel
  8573 | D:7      | Reached ** piety under Okawaru
  8641 | D:7      | Reached skill level 6 in Armour
  8998 | D:7      | 8998 ||| UPGRADING to +0 pair of boots.
  9003 | D:7      | 9003 ||| DROPPING +1 helmet.
  9004 | D:7      | 9004 ||| READING scroll labelled KUKIOKK IFICW.
  9009 | D:7      | 9009 ||| READING 4 scrolls of identify.
  9009 | D:7      | 9009 ||| IDENTIFYING fuming dark potion
  9010 | D:7      | 9010 ||| DROPPING potion of degeneration.
  9036 | D:8      | 9036 ||| INVOKING Heroism.
  9049 | D:8      | Reached XP level 10. HP: 49/63 MP: 11/13
  9062 | D:8      | 9062 ||| FLEEEEING.
  9063 | D:8      | 9063 ||| FLEEEEING.
  9064 | D:8      | 9064 ||| STAIRDANCE
  9121 | D:8      | 9121 ||| STAIRDANCE
  9132 | D:8      | 9132 ||| STAIRDANCE
  9142 | D:8      | 9142 ||| STAIRDANCE
  9149 | D:8      | 9149 ||| STAIRDANCE
  9158 | D:8      | 9158 ||| STAIRDANCE
  9213 | D:8      | Noticed Erica
  9214 | D:8      | 9214 ||| Stepping ~*~*~tactically~*~*~ (stealth).
  9215 | D:8      | 9215 ||| Stepping ~*~*~tactically~*~*~ (stealth).
  9217 | D:8      | 9217 ||| INVOKING Heroism.
  9225 | D:8      | Killed Erica
  9226 | D:8      | Reached skill level 10 in Axes
  9303 | D:8      | 9303 ||| Stepping ~*~*~tactically~*~*~ (hiding).
  9312 | D:8      | 9312 ||| FLEEEEING.
  9313 | D:8      | 9313 ||| FLEEEEING.
  9314 | D:8      | 9314 ||| FLEEEEING.
  9315 | D:8      | 9315 ||| FLEEEEING.
  9316 | D:8      | 9316 ||| FLEEEEING.
  9317 | D:8      | 9317 ||| FLEEEEING.
  9318 | D:8      | 9318 ||| FLEEEEING.
  9319 | D:8      | 9319 ||| FLEEEEING.
  9320 | D:8      | 9320 ||| FLEEEEING.
  9322 | D:8      | 9322 ||| FLEEEEING.
  9323 | D:8      | 9323 ||| FLEEEEING.
  9324 | D:8      | 9324 ||| FLEEEEING.
  9325 | D:8      | 9325 ||| FLEEEEING.
  9326 | D:8      | 9326 ||| FLEEEEING.
  9433 | D:8      | Noticed a kobold demonologist
  9434 | D:8      | 9434 ||| Stepping ~*~*~tactically~*~*~ (stealth).
  9440 | D:8      | 9440 ||| INVOKING Heroism.
  9441 | D:8      | 9441 ||| Stepping ~*~*~tactically~*~*~ (hiding).
  9461 | D:8      | Killed a kobold demonologist
  9461 | D:8      | Reached *** piety under Okawaru
  9478 | D:8      | 9478 ||| Stepping ~*~*~tactically~*~*~ (stealth).
  9691 | D:8      | 9691 ||| INVOKING Heroism.
  9771 | D:8      | 9771 ||| INVOKING Heroism.
  9773 | D:8      | 9773 ||| Stepping ~*~*~tactically~*~*~ (stealth).
  9774 | D:8      | 9774 ||| Stepping ~*~*~tactically~*~*~ (stealth).
  9791 | D:8      | 9791 ||| DROPPING +0 flail of protection.
  9796 | D:8      | 9796 ||| Stepping ~*~*~tactically~*~*~ (stealth).
  9798 | D:8      | 9798 ||| Stepping ~*~*~tactically~*~*~ (hiding).
  9804 | D:8      | Reached skill level 3 in Throwing
 10107 | D:8      | 10107 ||| Stepping ~*~*~tactically~*~*~ (hiding).
 10351 | D:8      | 10351 ||| UPGRADING to ring of protection from cold.
 10352 | D:8      | 10352 ||| READING scroll labelled ZOIQ RIQORIA.
 10353 | D:8      | 10353 ||| DRINKING 3 cyan potions.
 10354 | D:8      | 10354 ||| READING 3 scrolls of identify.
 10354 | D:8      | 10354 ||| IDENTIFYING fizzy ruby potion
 10355 | D:8      | 10355 ||| DROPPING 2 potions of brilliance.
 10356 | D:8      | 10356 ||| DROPPING potion of flight.
 10415 | D:9      | Noticed Maggie
 10437 | D:9      | Killed Maggie
 10437 | D:9      | Reached **** piety under Okawaru
 10490 | D:9      | 10490 ||| SWAPPING to +0 broad axe.
 10565 | D:9      | 10565 ||| DROPPING +3 war axe.
 10610 | D:9      | 10610 ||| Stepping ~*~*~tactically~*~*~ (stealth).
 10612 | D:9      | 10612 ||| Stepping ~*~*~tactically~*~*~ (stealth).
 10618 | D:9      | 10618 ||| INVOKING Heroism.
 10768 | D:9      | 10768 ||| Stepping ~*~*~tactically~*~*~ (hiding).
 10776 | D:9      | 10776 ||| INVOKING Heroism.
 11099 | D:9      | 11099 ||| UPGRADING to ring of protection from fire.
 11118 | D:10     | Entered Level 10 of the Dungeon
 11141 | D:10     | 11141 ||| Stepping ~*~*~tactically~*~*~ (stealth).
 11147 | D:10     | 11147 ||| INVOKING Heroism.
 11151 | D:10     | Reached XP level 11. HP: 48/68 MP: 11/14
 11267 | D:10     | 11267 ||| Stepping ~*~*~tactically~*~*~ (stealth).
 11268 | D:10     | 11268 ||| Stepping ~*~*~tactically~*~*~ (stealth).
 11276 | D:10     | 11276 ||| Stepping ~*~*~tactically~*~*~ (stealth).
 11277 | D:10     | 11277 ||| Stepping ~*~*~tactically~*~*~ (stealth).
 11278 | D:10     | 11278 ||| Stepping ~*~*~tactically~*~*~ (stealth).
 11279 | D:10     | 11279 ||| INVOKING Heroism.
 11304 | D:10     | 11304 ||| Stepping ~*~*~tactically~*~*~ (stealth).
 11315 | D:10     | 11315 ||| Stepping ~*~*~tactically~*~*~ (stealth).
 11333 | D:10     | 11333 ||| Stepping ~*~*~tactically~*~*~ (stealth).
 11340 | D:10     | 11340 ||| Stepping ~*~*~tactically~*~*~ (stealth).
 11345 | D:10     | 11345 ||| Stepping ~*~*~tactically~*~*~ (stealth).
 11346 | D:10     | 11346 ||| Stepping ~*~*~tactically~*~*~ (stealth).
 11384 | D:10     | 11384 ||| Stepping ~*~*~tactically~*~*~ (stealth).
 11401 | D:10     | 11401 ||| Stepping ~*~*~tactically~*~*~ (stealth).
 11403 | D:10     | 11403 ||| INVOKING Heroism.
 11441 | D:10     | 11441 ||| FLEEEEING.
 11442 | D:10     | 11442 ||| FLEEEEING.
 11443 | D:10     | 11443 ||| FLEEEEING.
 11444 | D:10     | 11444 ||| FLEEEEING.
 11445 | D:10     | 11445 ||| FLEEEEING.
 11446 | D:10     | 11446 ||| FLEEEEING.
 11553 | D:10     | 11553 ||| Stepping ~*~*~tactically~*~*~ (hiding).
 11554 | D:10     | 11554 ||| Stepping ~*~*~tactically~*~*~ (hiding).
 11562 | D:10     | Reached skill level 11 in Axes
 11693 | D:10     | 11693 ||| SWAPPING to +0 vampiric war axe.
 11805 | D:10     | 11805 ||| INVOKING Heroism.
 11971 | D:10     | 11971 ||| FLEEEEING.
 11972 | D:10     | 11972 ||| FLEEEEING.
 11973 | D:10     | 11973 ||| FLEEEEING.
 11974 | D:10     | 11974 ||| FLEEEEING.
 11975 | D:10     | 11975 ||| FLEEEEING.
 11976 | D:10     | 11976 ||| FLEEEEING.
 12086 | D:10     | Found a bloodstained altar of Trog.
 12087 | D:10     | Found a shadowy altar of Dithmenos.
 12127 | D:10     | 12127 ||| INVOKING Heroism.
 12292 | D:10     | 12292 ||| INVOKING Heroism.
 12466 | D:10     | 12466 ||| Stepping ~*~*~tactically~*~*~ (stealth).
 12474 | D:10     | 12474 ||| INVOKING Heroism.
 12525 | D:10     | 12525 ||| Stepping ~*~*~tactically~*~*~ (stealth).
 12526 | D:10     | 12526 ||| INVOKING Heroism.
 12551 | D:10     | 12551 ||| DROPPING +1 flail of protection.
 12563 | D:10     | 12563 ||| Stepping ~*~*~tactically~*~*~ (stealth).
 12584 | D:10     | Found a staircase to the Orcish Mines.
 12586 | D:10     | 12586 ||| INVOKING Heroism.
 12600 | D:10     | Reached skill level 6 in Invocations
 12619 | D:10     | 12619 ||| Stepping ~*~*~tactically~*~*~ (stealth).
 12815 | D:10     | 12815 ||| UPGRADING to +0 pair of gloves.
 12820 | D:10     | 12820 ||| READING 3 scrolls of identify.
 12820 | D:10     | 12820 ||| IDENTIFYING fuming puce potion
 12861 | D:11     | 12861 ||| STAIRDANCE
 12865 | D:10     | Reached skill level 9 in Fighting
 12896 | D:11     | 12896 ||| Stepping ~*~*~tactically~*~*~ (stealth).
 12975 | D:11     | Noticed a cyclops
 12976 | D:11     | 12976 ||| INVOKING Heroism.
 12990 | D:11     | Killed a cyclops
 12990 | D:11     | Received a gift from Okawaru
 13025 | D:11     | Noticed a deep elf pyromancer
 13026 | D:11     | 13026 ||| Stepping ~*~*~tactically~*~*~ (hiding).
 13035 | D:11     | Killed a deep elf pyromancer
 13068 | D:11     | Noticed a skeletal warrior
 13069 | D:11     | 13069 ||| FLEEEEING.
 13070 | D:11     | 13070 ||| FLEEEEING.
 13084 | D:11     | 13084 ||| FLEEEEING.
 13087 | D:11     | 13087 ||| FLEEEEING.
 13088 | D:11     | 13088 ||| FLEEEEING.
 13089 | D:11     | 13089 ||| FLEEEEING.
 13090 | D:11     | 13090 ||| FLEEEEING.
 13090 | D:11     | Noticed a cyclops
 13091 | D:11     | 13091 ||| INVOKING Heroism.
 13099 | D:11     | HP: 12/71 [cyclops/large rock (26)]
 13100 | D:11     | 13100 ||| READING scroll of teleportation.
 13101 | D:11     | 13101 ||| DRINKING 5 potions of heal wounds.
 13318 | D:11     | Found a runed translucent gate.
 13318 | D:11     | Found a runed translucent gate.
 13318 | D:11     | Found a runed translucent gate.
 13318 | D:11     | Noticed a purple ugly thing
 13318 | D:11     | Noticed a cyan ugly thing
 13318 | D:11     | Noticed a red ugly thing
 13318 | D:11     | Noticed a glowing orange brain
 13318 | D:11     | Noticed a cyan ugly thing
 13323 | D:11     | 13323 ||| INVOKING Heroism.
 13326 | D:11     | 13326 ||| Stepping ~*~*~tactically~*~*~ (hiding).
 13350 | D:11     | Killed a skeletal warrior
 13458 | D:11     | 13458 ||| Stepping ~*~*~tactically~*~*~ (stealth).
 13488 | D:11     | 13488 ||| INVOKING Heroism.
 13499 | D:11     | Killed a cyclops
 13499 | D:11     | Reached ***** piety under Okawaru
 13566 | D:11     | 13566 ||| Stepping ~*~*~tactically~*~*~ (stealth).
 13567 | D:11     | 13567 ||| Stepping ~*~*~tactically~*~*~ (stealth).
 13570 | D:11     | 13570 ||| Stepping ~*~*~tactically~*~*~ (stealth).
 13573 | D:11     | 13573 ||| Stepping ~*~*~tactically~*~*~ (stealth).
 13575 | D:11     | 13575 ||| INVOKING Heroism.
 13586 | D:11     | Reached skill level 9 in Armour
 13673 | D:11     | Found a staircase to the Lair.
 13674 | D:11     | 13674 ||| INVOKING Heroism.
 13939 | D:11     | 13939 ||| READING scroll of enchant weapon.
 13939 | D:11     | 13939 ||| ENCHANTING +0 vampiric war axe.
 14147 | D:11     | 14147 ||| PLANNING LAIR
 14147 | D:11     | 14147 ||| UPGRADING to +2 kite shield.
 14157 | D:11     | 14157 ||| DROPPING +0 buckler.
 14158 | D:11     | 14158 ||| UPGRADING to +1 pair of boots.
 14168 | D:11     | 14168 ||| DROPPING +0 pair of boots.
 14169 | D:11     | 14169 ||| READING scroll labelled ARO DAREBU.
 14170 | D:11     | 14170 ||| READING 2 scrolls labelled LALEOK ATHA.
 14171 | D:11     | 14171 ||| DROPPING scroll of fear.
 14215 | Lair:1   | Entered Level 1 of the Lair of Beasts
 14395 | Lair:1   | 14395 ||| INVOKING Heroism.
 14678 | Lair:1   | 14678 ||| Stepping ~*~*~tactically~*~*~ (stealth).
 14679 | Lair:1   | 14679 ||| Stepping ~*~*~tactically~*~*~ (stealth).
 14682 | Lair:1   | 14682 ||| Stepping ~*~*~tactically~*~*~ (stealth).
 14685 | Lair:1   | 14685 ||| Stepping ~*~*~tactically~*~*~ (stealth).
 14688 | Lair:1   | 14688 ||| INVOKING Heroism.
 14699 | Lair:1   | Reached XP level 12. HP: 67/76 MP: 16/18
 14866 | Lair:1   | 14866 ||| READING scroll of enchant weapon.
 14866 | Lair:1   | 14866 ||| ENCHANTING +1 vampiric war axe.
 15317 | Lair:1   | 15317 ||| UPGRADING to +4 ring of evasion.
 15319 | Lair:1   | 15319 ||| READING 5 scrolls of identify.
 15319 | Lair:1   | 15319 ||| IDENTIFYING murky dark potion
 15320 | Lair:1   | 15320 ||| DROPPING potion of invisibility.
 15458 | Lair:2   | 15458 ||| INVOKING Heroism.
 15469 | Lair:2   | Reached skill level 6 in Shields
 15484 | Lair:2   | 15484 ||| Stepping ~*~*~tactically~*~*~ (stealth).
 15517 | Lair:2   | Noticed an eight-headed hydra
 15518 | Lair:2   | 15518 ||| INVOKING Heroism.
 15519 | Lair:2   | 15519 ||| INVOKING Finesse.
 15520 | Lair:2   | 15520 ||| INVOKING Finesse.
 15523 | Lair:2   | 15523 ||| SWAPPING to +0 morningstar.
 15544 | Lair:2   | Killed an eight-headed hydra
 15545 | Lair:2   | Reached skill level 9 in Invocations
 15545 | Lair:2   | 15545 ||| SWAPPING to +2 vampiric war axe.
 15648 | Lair:2   | 15648 ||| Stepping ~*~*~tactically~*~*~ (stealth).
 15861 | Lair:2   | 15861 ||| INVOKING Heroism.
 15872 | Lair:2   | 15872 ||| Stepping ~*~*~tactically~*~*~ (stealth).
 15881 | Lair:2   | 15881 ||| Stepping ~*~*~tactically~*~*~ (stealth).
 15893 | Lair:2   | 15893 ||| INVOKING Heroism.
 15897 | Lair:2   | Noticed a seven-headed hydra
 15898 | Lair:2   | 15898 ||| SWAPPING to +0 morningstar.
 15899 | Lair:2   | 15899 ||| INVOKING Finesse.
 15902 | Lair:2   | 15902 ||| Stepping ~*~*~tactically~*~*~ (outnumbered).
 15903 | Lair:2   | 15903 ||| Stepping ~*~*~tactically~*~*~ (outnumbered).
 15907 | Lair:2   | 15907 ||| Stepping ~*~*~tactically~*~*~ (outnumbered).
 15911 | Lair:2   | 15911 ||| Stepping ~*~*~tactically~*~*~ (outnumbered).
 15915 | Lair:2   | Killed a seven-headed hydra
 15916 | Lair:2   | 15916 ||| SWAPPING to +2 vampiric war axe.
 16000 | Lair:2   | 16000 ||| INVOKING Heroism.
 16004 | Lair:2   | Received a gift from Okawaru
 16319 | Lair:2   | Noticed a five-headed hydra
 16320 | Lair:2   | 16320 ||| INVOKING Heroism.
 16321 | Lair:2   | 16321 ||| INVOKING Finesse.
 16322 | Lair:2   | Noticed Sonja
 16323 | Lair:2   | 16323 ||| Stepping ~*~*~tactically~*~*~ (stealth).
 16324 | Lair:2   | 16324 ||| SWAPPING to +0 morningstar.
 16325 | Lair:2   | 16325 ||| Stepping ~*~*~tactically~*~*~ (stealth).
 16330 | Lair:2   | 16330 ||| Stepping ~*~*~tactically~*~*~ (outnumbered).
 16333 | Lair:2   | Killed a five-headed hydra
 16334 | Lair:2   | Reached skill level 9 in Shields
 16334 | Lair:2   | 16334 ||| SWAPPING to +2 vampiric war axe.
 16366 | Lair:2   | 16366 ||| Stepping ~*~*~tactically~*~*~ (stealth).
 16384 | Lair:2   | 16384 ||| READING scroll of enchant armour.
 16384 | Lair:2   | 16384 ||| ENCHANTING +0 pair of gloves.
 16493 | Lair:2   | 16493 ||| Stepping ~*~*~tactically~*~*~ (stealth).
 16517 | Lair:2   | 16517 ||| INVOKING Finesse.
 16570 | Lair:2   | Killed Sonja
 16831 | Lair:2   | 16831 ||| DROPPING +2 kite shield.
 16856 | Lair:3   | 16856 ||| STAIRDANCE
 16865 | Lair:3   | 16865 ||| STAIRDANCE
 16884 | Lair:3   | 16884 ||| STAIRDANCE
 16954 | Lair:3   | Found a staircase to the Shoals.
 16954 | Lair:3   | Noticed a four-headed hydra
 16955 | Lair:3   | 16955 ||| INVOKING Heroism.
 16956 | Lair:3   | 16956 ||| INVOKING Finesse.
 16958 | Lair:3   | 16958 ||| SWAPPING to +0 morningstar.
 16961 | Lair:3   | 16961 ||| Stepping ~*~*~tactically~*~*~ (outnumbered).
 16964 | Lair:3   | 16964 ||| Stepping ~*~*~tactically~*~*~ (outnumbered).
 16967 | Lair:3   | 16967 ||| Stepping ~*~*~tactically~*~*~ (outnumbered).
 16968 | Lair:3   | 16968 ||| Stepping ~*~*~tactically~*~*~ (outnumbered).
 16969 | Lair:3   | 16969 ||| Stepping ~*~*~tactically~*~*~ (outnumbered).
 16976 | Lair:3   | 16976 ||| Stepping ~*~*~tactically~*~*~ (outnumbered).
 16977 | Lair:3   | 16977 ||| Stepping ~*~*~tactically~*~*~ (outnumbered).
 16981 | Lair:3   | 16981 ||| Stepping ~*~*~tactically~*~*~ (outnumbered).
 16995 | Lair:3   | Killed a four-headed hydra
 16996 | Lair:3   | 16996 ||| SWAPPING to +2 vampiric war axe.
 17109 | Lair:3   | 17109 ||| INVOKING Heroism.
 17147 | Lair:3   | Reached XP level 13. HP: 80/80 MP: 20/20
 17243 | Lair:3   | 17243 ||| Stepping ~*~*~tactically~*~*~ (stealth).
 17245 | Lair:3   | 17245 ||| INVOKING Heroism.
 17246 | Lair:3   | 17246 ||| Stepping ~*~*~tactically~*~*~ (stealth).
 17257 | Lair:3   | Reached skill level 12 in Axes
 17310 | Lair:3   | 17310 ||| INVOKING Heroism.
 17455 | Lair:3   | 17455 ||| INVOKING Heroism.
 17481 | Lair:3   | Found the +8 whip "Snakebite" {venom, curare, rPois}
 17568 | Lair:3   | 17568 ||| Stepping ~*~*~tactically~*~*~ (stealth).
 17569 | Lair:3   | 17569 ||| Stepping ~*~*~tactically~*~*~ (stealth).
 17747 | Lair:3   | Found a hole to the Spider Nest.
 17857 | Lair:4   | Found a transporter.
 17858 | Lair:4   | Noticed qw's ghost (journeyman TrCA)
 17861 | Lair:4   | 17861 ||| READING scroll of teleportation.
 17862 | Lair:4   | 17862 ||| FLEEEEING.
 17863 | Lair:4   | 17863 ||| FLEEEEING.
 17864 | Lair:4   | 17864 ||| INVOKING Heroism.
 17866 | Lair:4   | 17866 ||| Stepping ~*~*~tactically~*~*~ (stealth).
 17898 | Lair:4   | 17898 ||| Stepping ~*~*~tactically~*~*~ (stealth).
 17899 | Lair:4   | 17899 ||| Stepping ~*~*~tactically~*~*~ (stealth).
 17921 | Lair:4   | 17921 ||| INVOKING Heroism.
 17926 | Lair:4   | 17926 ||| INVOKING Finesse.
 17935 | Lair:4   | Received a gift from Okawaru
 17937 | Lair:4   | 17937 ||| SWAPPING to +0 morningstar.
 17946 | Lair:4   | 17946 ||| SWAPPING to +2 vampiric war axe.
 18016 | Lair:4   | 18016 ||| INVOKING Heroism.
 18020 | Lair:4   | 18020 ||| Stepping ~*~*~tactically~*~*~ (stealth).
 18021 | Lair:4   | 18021 ||| Stepping ~*~*~tactically~*~*~ (stealth).
 18022 | Lair:4   | 18022 ||| Stepping ~*~*~tactically~*~*~ (stealth).
 18024 | Lair:4   | 18024 ||| Stepping ~*~*~tactically~*~*~ (stealth).
 18082 | Lair:4   | 18082 ||| Stepping ~*~*~tactically~*~*~ (stealth).
 18161 | Lair:4   | Found a viscous altar of Jiyva.
 18162 | Lair:4   | Found a staircase to the Slime Pits.
 18270 | Lair:4   | Found a transporter.
 18333 | Lair:4   | 18333 ||| INVOKING Heroism.
 18334 | Lair:4   | 18334 ||| INVOKING Finesse.
 18374 | Lair:4   | 18374 ||| Stepping ~*~*~tactically~*~*~ (stealth).
 18375 | Lair:4   | 18375 ||| Stepping ~*~*~tactically~*~*~ (stealth).
 18398 | Lair:4   | 18398 ||| INVOKING Heroism.
 18560 | Lair:4   | 18560 ||| UPGRADING to +2 pair of gloves of stealth.
 18570 | Lair:4   | 18570 ||| DROPPING +1 pair of gloves.
 18571 | Lair:4   | 18571 ||| READING 8 scrolls of identify.
 18571 | Lair:4   | 18571 ||| IDENTIFYING inky potion
 18572 | Lair:4   | 18572 ||| DROPPING potion of berserk rage.
 18589 | Lair:5   | Entered Level 5 of the Lair of Beasts
 18593 | Lair:5   | 18593 ||| STAIRDANCE
 18608 | Lair:5   | 18608 ||| INVOKING Heroism.
 18627 | Lair:5   | Reached skill level 13 in Axes
 18665 | Lair:5   | 18665 ||| Stepping ~*~*~tactically~*~*~ (stealth).
 18667 | Lair:5   | 18667 ||| Stepping ~*~*~tactically~*~*~ (stealth).
 18674 | Lair:5   | 18674 ||| INVOKING Heroism.
 18741 | Lair:5   | 18741 ||| INVOKING Heroism.
 18777 | Lair:5   | 18777 ||| INVOKING Heroism.
 18856 | Lair:5   | 18856 ||| INVOKING Heroism.
 18857 | Lair:5   | 18857 ||| Stepping ~*~*~tactically~*~*~ (stealth).
 18858 | Lair:5   | 18858 ||| Stepping ~*~*~tactically~*~*~ (stealth).
 18869 | Lair:5   | Identified the +7 battleaxe of Nisu {drain, rElec rC+ rCorr
                  | Str-2} (Okawaru gifted it to you on level 5 of the Lair of
                  | Beasts)
 18869 | Lair:5   | Received a gift from Okawaru
 18872 | Lair:5   | 18872 ||| INVOKING Finesse.
 18895 | Lair:5   | Gained mutation: Your large and strong wings let you fly.
                  | [Gargoyle growth]
 18895 | Lair:5   | Reached XP level 14. HP: 88/88 MP: 16/21
 18957 | Lair:5   | 18957 ||| INVOKING Heroism.
 18960 | Lair:5   | 18960 ||| INVOKING Finesse.
 18961 | Lair:5   | 18961 ||| INVOKING Finesse.
 18969 | Lair:5   | Reached skill level 14 in Axes
 19044 | Lair:5   | 19044 ||| Stepping ~*~*~tactically~*~*~ (stealth).
 19054 | Lair:5   | 19054 ||| FLEEEEING.
 19055 | Lair:5   | 19055 ||| FLEEEEING.
 19063 | Lair:5   | 19063 ||| INVOKING Heroism.
 19068 | Lair:5   | 19068 ||| Stepping ~*~*~tactically~*~*~ (stealth).
 19078 | Lair:5   | 19078 ||| Stepping ~*~*~tactically~*~*~ (stealth).
 19079 | Lair:5   | 19079 ||| Stepping ~*~*~tactically~*~*~ (stealth).
 19082 | Lair:5   | 19082 ||| Stepping ~*~*~tactically~*~*~ (stealth).
 19084 | Lair:5   | 19084 ||| Stepping ~*~*~tactically~*~*~ (stealth).
 19085 | Lair:5   | 19085 ||| Stepping ~*~*~tactically~*~*~ (stealth).
 19103 | Lair:5   | 19103 ||| Stepping ~*~*~tactically~*~*~ (stealth).
 19154 | Lair:5   | 19154 ||| Stepping ~*~*~tactically~*~*~ (stealth).
 19186 | Lair:5   | 19186 ||| READING scroll of enchant armour.
 19186 | Lair:5   | 19186 ||| ENCHANTING +1 helmet.
 19275 | Lair:5   | Found a shimmering blue altar of Sif Muna.
 19290 | Lair:5   | 19290 ||| INVOKING Heroism.
 19291 | Lair:5   | 19291 ||| INVOKING Finesse.
 19475 | Lair:5   | 19475 ||| Stepping ~*~*~tactically~*~*~ (stealth).
 19480 | Lair:5   | 19480 ||| INVOKING Heroism.
 19717 | Lair:5   | 19717 ||| Stepping ~*~*~tactically~*~*~ (stealth).
 19719 | Lair:5   | 19719 ||| INVOKING Heroism.
 19720 | Lair:5   | 19720 ||| INVOKING Finesse.
 19769 | Lair:5   | 19769 ||| Stepping ~*~*~tactically~*~*~ (stealth).
 19774 | Lair:5   | 19774 ||| Stepping ~*~*~tactically~*~*~ (stealth).
 19779 | Lair:5   | 19779 ||| INVOKING Heroism.
 19823 | Lair:5   | 19823 ||| Stepping ~*~*~tactically~*~*~ (stealth).
 19835 | Lair:5   | 19835 ||| INVOKING Heroism.
 20093 | Lair:5   | 20093 ||| PLANNING D
 20093 | Lair:5   | 20093 ||| DROPPING +0 helmet of intelligence.
 20094 | Lair:5   | 20094 ||| READING 7 scrolls of identify.
 20094 | Lair:5   | 20094 ||| IDENTIFYING yellow potion
 20238 | D:12     | Found Nyf Ofaa's Assorted Antiques.
 20242 | D:12     | 20242 ||| Stepping ~*~*~tactically~*~*~ (stealth).
 20253 | D:12     | 20253 ||| Stepping ~*~*~tactically~*~*~ (stealth).
 20273 | D:12     | 20273 ||| BUYING scroll labelled ENWEWUTUOP (36 gold).
 20273 | D:12     | Bought a scroll labelled ENWEWUTUOP for 36 gold pieces
 20273 | D:12     | 20273 ||| BUYING scroll of teleportation (108 gold).
 20273 | D:12     | Bought a scroll of teleportation for 108 gold pieces
 20367 | D:12     | 20367 ||| INVOKING Heroism.
 20424 | D:12     | 20424 ||| Stepping ~*~*~tactically~*~*~ (stealth).
 20435 | D:12     | Reached skill level 12 in Shields
 20657 | D:12     | 20657 ||| INVOKING Heroism.
 20659 | D:12     | Identified the +0 buckler "Tekoweo" {Harm rN+++ MP-9
                  | Slay+4} (Okawaru gifted it to you on level 12 of the
                  | Dungeon)
 20659 | D:12     | Received a gift from Okawaru
 20844 | D:12     | 20844 ||| INVOKING Heroism.
 20892 | D:12     | 20892 ||| INVOKING Heroism.
 20986 | D:12     | 20986 ||| UPGRADING to ring of see invisible.
 20988 | D:12     | 20988 ||| READING 2 scrolls labelled ENWEWUTUOP.
 20989 | D:12     | 20989 ||| DROPPING scroll of butterflies.
 21149 | D:13     | 21149 ||| INVOKING Heroism.
 21150 | D:13     | 21150 ||| INVOKING Finesse.
 21152 | D:13     | 21152 ||| SWAPPING to +0 morningstar.
 21158 | D:13     | 21158 ||| SWAPPING to +2 vampiric war axe.
 21197 | D:13     | Identified the ring "Canueps" {rCorr Int+2}
 21342 | D:13     | 21342 ||| Stepping ~*~*~tactically~*~*~ (stealth).
 21353 | D:13     | 21353 ||| INVOKING Heroism.
 21373 | D:13     | 21373 ||| Stepping ~*~*~tactically~*~*~ (stealth).
 21390 | D:13     | 21390 ||| Stepping ~*~*~tactically~*~*~ (stealth).
 21392 | D:13     | 21392 ||| INVOKING Heroism.
 21478 | D:13     | Reached skill level 15 in Axes
 21562 | D:13     | 21562 ||| READING 3 scrolls of enchant weapon.
 21562 | D:13     | 21562 ||| ENCHANTING +2 vampiric war axe.
 21563 | D:13     | 21563 ||| READING 2 scrolls of enchant weapon.
 21563 | D:13     | 21563 ||| ENCHANTING +3 vampiric war axe.
 21564 | D:13     | 21564 ||| READING scroll of enchant weapon.
 21564 | D:13     | 21564 ||| ENCHANTING +4 vampiric war axe.
 21644 | D:13     | Found a gate to the Vaults.
 21886 | D:13     | Identified the +8 arbalest "Pimnohing" {elec, *Corrode
                  | Str+3 Stlth+}
 22176 | D:14     | 22176 ||| PLANNING GAUNTLET
 22187 | D:14     | 22187 ||| Stepping ~*~*~tactically~*~*~ (stealth).
 22190 | D:14     | 22190 ||| Stepping ~*~*~tactically~*~*~ (stealth).
 22191 | D:14     | 22191 ||| Stepping ~*~*~tactically~*~*~ (stealth).
 22192 | D:14     | 22192 ||| INVOKING Heroism.
 22222 | D:14     | 22222 ||| Stepping ~*~*~tactically~*~*~ (hiding).
 22232 | D:14     | Reached skill level 12 in Fighting
 22277 | D:14     | 22277 ||| INVOKING Heroism.
 22299 | D:14     | Reached XP level 15. HP: 96/96 MP: 22/22
 22338 | Abyss:2  | Cast into level 2 of the Abyss (a wizard)
 22367 | Abyss:2  | 22367 ||| Stepping ~*~*~tactically~*~*~ (hiding).
 22375 | Abyss:2  | 22375 ||| Stepping ~*~*~tactically~*~*~ (hiding).
 22420 | Abyss:2  | 22420 ||| Stepping ~*~*~tactically~*~*~ (stealth).
 22420 | Abyss:2  | Noticed a tentacled starspawn
 22421 | Abyss:2  | 22421 ||| Stepping ~*~*~tactically~*~*~ (hiding).
 22424 | Abyss:2  | 22424 ||| INVOKING Heroism.
 22432 | Abyss:2  | Killed a tentacled starspawn
 22433 | Abyss:2  | Reached skill level 12 in Armour
 22439 | Abyss:2  | Noticed a tentacled starspawn
 22441 | Abyss:2  | 22441 ||| Stepping ~*~*~tactically~*~*~ (hiding).
 22452 | Abyss:2  | Killed a tentacled starspawn
 22459 | Abyss:2  | Received a gift from Okawaru
 22473 | Abyss:2  | 22473 ||| Stepping ~*~*~tactically~*~*~ (stealth).
 22474 | Abyss:2  | 22474 ||| Stepping ~*~*~tactically~*~*~ (stealth).
 22475 | Abyss:2  | 22475 ||| Stepping ~*~*~tactically~*~*~ (stealth).
 22488 | Abyss:2  | Noticed a tentacled starspawn
 22489 | Abyss:2  | 22489 ||| INVOKING Heroism.
 22490 | Abyss:2  | Noticed a tentacled starspawn
 22498 | Abyss:2  | Killed a tentacled starspawn
 22499 | Abyss:2  | Killed a tentacled starspawn
 22517 | Abyss:2  | 22517 ||| Stepping ~*~*~tactically~*~*~ (stealth).
 22518 | Abyss:2  | Noticed a tentacled starspawn
 22520 | Abyss:2  | 22520 ||| Stepping ~*~*~tactically~*~*~ (hiding).
 22521 | Abyss:2  | 22521 ||| Stepping ~*~*~tactically~*~*~ (hiding).
 22530 | Abyss:2  | Killed a tentacled starspawn
 22531 | Abyss:2  | 22531 ||| INVOKING Heroism.
 22562 | Abyss:2  | 22562 ||| Stepping ~*~*~tactically~*~*~ (stealth).
 22563 | Abyss:2  | 22563 ||| Stepping ~*~*~tactically~*~*~ (stealth).
 22565 | Abyss:2  | Found a corrupted altar of Lugonu.
 22590 | Abyss:2  | 22590 ||| INVOKING Heroism.
 22593 | Abyss:2  | HP: 22/96 [rakshasa (illusionary)/+0 trident (7)]
 22594 | Abyss:2  | 22594 ||| READING 5 scrolls of teleportation.
 22595 | Abyss:2  | 22595 ||| DRINKING 5 potions of heal wounds.
 22607 | Abyss:2  | Killed from afar by a rakshasa

Levels and vault maps discovered:
D:1:      saegor_arrival_simple_b, layout_loops_corners,
          shapermc_ecumenical_altar_pompeii,
          nicolae_concentric_dashed_squares_wild
D:2:      layout_basic
D:3:      layout_rooms, led_xom_imps, roderic_nine_men_s_morris,
          minmay_misc_feat_diagonals, uniq_sigmund, uniq_crazy_yiuf_cottage,
          uniq_pargi, uniq_jessica
D:4:      layout_basic, uniq_menkaure
D:5:      layout_loops_corners
D:6:      layout_basic, temple_statues, uniq_blork_the_orc, uniq_duvessa
D:7:      layout_loops_corners, uniq_pikel
D:8:      layout_loops_corners, special_room [special_room_kobold],
          hellmonk_bongcloud_opening, uniq_erica
D:9:      layout_roguey, uniq_maggie
D:10:     layout_basic, gammafunk_temple_overflow_statue, erik_orc_1,
          serial_ice, serial_ice_c, serial_ice_i, serial_ice_n, serial_ice_f,
          serial_ice_d, grunt_decor_junction, kennysheep_doodads,
          minmay_fractal_squares_gapless_5
D:11:     layout_cave_pools, grunt_lair_entry_orc_guard_hut,
          ploomutoo_gammafunk_ghost_potion_laboratory, wad_mini_maze
D:12:     layout_grid_maze, serial_shops, nicolae_shop_overgrown_old_shop,
          grunt_ministairs_1
D:13:     layout_gridville, erik_vaults_1, special_room [special_room_bee],
          minmay_misc_feat_more_columns
D:14:     layout_long_grid, minmay_misc_feat_doors, gauntlet_entry_generic,
          nicolae_diode_intersection
Temple:   nicolae_temple_bog_church
Lair:1:   layout_long_grid
Lair:2:   nzn_winding_woodlands_three_and_one
          [nzn_winding_woodlands_5x15_split_checker,
          nzn_winding_woodlands_5x15_zeroes,
          nzn_winding_woodlands_5x15_lazy_stream,
          nzn_winding_woodlands_center_lodge], layout_loops_ring,
          serial_bayou_shore_a, grunt_megastairs_1, uniq_sonja
Lair:3:   minmay_guarded_unrand_snakebite, layout_concentric_octagons,
          minmay_shoals_entry_centaurs, spider_nest_entry_rubble, st_stairs_4,
          kennysheep_abandoned_house
Lair:4:   statuecave_lemuel, layout_misc_corridors, dpeg_slime_entry_enclosed,
          gammafunk_ghost_arena
Lair:5:   minmay_lair_end_enchanted_forest, layout_cave_pods,
          lemuel_oklob_altar, serial_bayou_shore_b, infiniplex_staircase_pool_2
Abyss:2:  base:
D:14

Skill      XL: |  1  2  3  4  5  6  7  8  9 10 11 12 13 14 15 |
---------------+----------------------------------------------+-----
Axes           | 2 3 4 5 6 7 8 9 10 11 13 15 | 15.6
Fighting       | 4 5 6 7 8 9 10 12 | 12.0
Dodging        | 2 |  2.1
Throwing       | 2 3 4 |  4.1
Armour         | 4 6 7 9 10 11 12 | 12.1
Shields        | 4 5 10 11 12 | 12.0
Invocations    | 4 8 10 | 10.0

Action                   |  1- 3 |  4- 6 |  7- 9 | 10-12 | 13-15 || total
-------------------------+-------+-------+-------+-------+-------++-------
Melee: War axe           |   111 |   140 |   299 |   683 |   998 ||  2231
       Broad axe         |       |       |       |    93 |       ||    93
       Morningstar       |       |       |       |    65 |    10 ||    75
Throw: Boomerang         |       |       |    43 |    42 |   115 ||   200
       Javelin           |       |       |    33 |    68 |     9 ||   110
Invok: Heroism           |       |       |     4 |    31 |    33 ||    68
       Finesse           |       |       |       |     5 |     7 ||    12
  Use: Scroll            |     2 |     4 |    12 |    10 |     9 ||    37
       Potion            |       |     3 |     2 |     2 |     1 ||     8
 Stab: Petrified         |       |       |       |       |     2 ||     2
Armor: Scale mail        |    63 |     3 |       |       |       ||    66
       Chain mail        |       |   102 |   112 |       |       ||   214
       Plate armour      |       |       |    36 |   427 |   427 ||   890
Dodge: Dodged            |    63 |    53 |   103 |   284 |   384 ||   887
Block: Buckler           |    22 |    32 |    49 |    83 |       ||   186
       Kite shield       |       |       |       |   247 |   659 ||   906

Table legend:
 A = Non-vault XP
 B = Vault XP
 C = Vault XP percentage of total XP
 D = Non-vault monster count
 E = Vault monster count
 F = Vault count percentage of total count
                 A         B        C        D         E       F
            +---------+---------+-------+---------+---------+-------
      Total |   71049 |   28811 |  28.9 |     394 |     177 |  31.0
            +---------+---------+-------+---------+---------+-------
        D:1 |      45 |       0 |   0.0 |      27 |       0 |   0.0
        D:2 |      54 |       0 |   0.0 |      17 |       0 |   0.0
        D:3 |      49 |     577 |  92.2 |      20 |       7 |  25.9
        D:4 |     406 |     172 |  29.8 |      24 |       1 |   4.0
        D:5 |     502 |       0 |   0.0 |      15 |       0 |   0.0
        D:6 |    1156 |     310 |  21.1 |      29 |       3 |   9.4
        D:7 |     718 |     641 |  47.2 |      11 |       1 |   8.3
        D:8 |    1984 |    1401 |  41.4 |      29 |      12 |  29.3
        D:9 |     650 |     376 |  36.6 |      11 |       1 |   8.3
       D:10 |    2444 |    1620 |  39.9 |      27 |      28 |  50.9
       D:11 |    1710 |    2265 |  57.0 |       7 |       7 |  50.0
       D:12 |    3666 |     600 |  14.1 |      20 |       2 |   9.1
       D:13 |    4030 |    4210 |  51.1 |      10 |      27 |  73.0
       D:14 |    6555 |       0 |   0.0 |      12 |       0 |   0.0
     Lair:1 |    1493 |       0 |   0.0 |       8 |       0 |   0.0
     Lair:2 |    5084 |    4802 |  48.6 |      18 |      13 |  41.9
     Lair:3 |    4685 |    3373 |  41.9 |      18 |      32 |  64.0
     Lair:4 |    7215 |       0 |   0.0 |      26 |       0 |   0.0
     Lair:5 |   16901 |    8464 |  33.4 |      51 |      43 |  45.7
    Abyss:2 |   11702 |       0 |   0.0 |      14 |       0 |   0.0
            +---------+---------+-------+---------+---------+-------
